 Dungeon Crawl Stone Soup version 0.23.0-3-gf3c87f2 (webtiles) character file.

Game seed: 6678958707549660726

53 DarkinPup the Shield-Bearer (level 4, -2/35 HPs)
             Began as a Formicid Fighter on Feb 25, 2019.
             Slain by a gnoll
             ... wielding a +0 spear
              (3 damage)
             ... on level 2 of the Dungeon.
             The game lasted 00:01:56 (1034 turns).

DarkinPup the Shield-Bearer (Formicid Fighter)      Turns: 1034, Time: 00:01:56

Health: -2/35      AC:  9    Str: 20    XL:     4   Next: 10%
Magic:  4/4        EV:  6    Int:  8    God:
Gold:   99         SH:  9    Dex: 11    Spells: 3/3 levels left

rFire    . . .     SeeInvis +   a - +0 long sword
rCold    . . .     Gourm    .   c - +0 shield
rNeg     . . .     Faith    .   h - +0 chain mail
rPois    .         Spirit   .   (helmet unavailable)
rElec    .         Reflect  .   (no cloak)
rCorr    .         Harm     .   (no gloves)
MR       .....                  (no boots)
Stlth    ..........             (no amulet)
HPRegen  0.11/turn              (no ring)
MPRegen  0.09/turn              (no ring)

@: no status effects
A: permanent stasis, dig shafts and tunnels, four strong arms, antennae 3
a: Dig, Shaft Self


You were on level 2 of the Dungeon.
You were hungry.

You visited 1 branch of the dungeon, and saw 2 of its levels.

You collected 99 gold pieces.

Inventory:

Hand Weapons
 a - a +0 long sword (weapon)
Armour
 c - a +0 shield (worn)
 h - a +0 chain mail (worn)
Jewellery
 k - an uncursed ring of fire {unknown}
Scrolls
 i - 2 scrolls of magic mapping {unknown}
 j - a scroll of fear {unknown}
 m - a scroll of fog {unknown}
Potions
 b - a potion of resistance {unknown}
 d - a potion of might
 e - a potion of mutation {unknown}
 g - a potion of heal wounds {unknown}
 l - a potion of haste {unknown}
 n - a potion of brilliance {unknown}
 o - a potion of agility {unknown}
Comestibles
 f - 4 rations


   Skills:
 + Level 3.5 Fighting
 * Level 2.6 Long Blades
 * Level 3.9 Armour
 + Level 0.7 Dodging
 * Level 4.1 Shields


You had 3 spell levels left.
You didn't know any spells.
Your spell library was empty.

Dungeon Overview and Level Annotations

Branches:
Dungeon (2/15)

Altars:


Innate Abilities, Weirdness & Mutations

You cannot be hasted, slowed, berserked, paralysed or teleported.
You can dig through walls and to a lower floor.
Your four strong arms can wield two-handed weapons with a shield.
You have a pair of large antennae on your head. (SInv)


Message History

You block the gnoll's attack.
You hit the gnoll but do no damage.
The gnoll is lightly wounded.
The gnoll hits you with a +0 spear.
* * * LOW HITPOINT WARNING * * *
You block the gnoll's attack.
You hit the gnoll but do no damage.
The gnoll is lightly wounded.
You block the gnoll's attack.
You hit the gnoll but do no damage.
The gnoll is lightly wounded.
The gnoll hits you with a +0 spear.
* * * LOW HITPOINT WARNING * * *
You closely miss the gnoll.
The gnoll is lightly wounded.
You block the gnoll's attack.
You barely miss the gnoll.
The gnoll is lightly wounded.
The gnoll hits you with a +0 spear.
You die...

.... ......[..# ... ..#
#.....# { #.. ..# #.....###
#.#####.# #.<.. #)##....#
#####.### #.##.##.#
#...(.... ##### #.##.##.#
#.###.##. ## ##...##
#.g.....###.# #.#
.###.....## ##@#........#
#..
.##.......#####.#)#########
#### .#....#....#.#.###>##
.#...###...#..#####.##
.#...# #...#.........#
.#...# #...#....#..#.#
.#...# #...#..##.#.#.#
##...# #...#..##.#.#.#
.#...# #...#..##.#.#.#


You could see a gnoll.

Vanquished Creatures
  3 gnolls
  A dart slug (D:1)
  4 bats
  4 goblins
  3 hobgoblins
  2 jackals (D:1)
  2 frilled lizards (D:1)
  2 kobolds (D:1)
  3 rats
24 creatures vanquished.

Notes
Turn   | Place    | Note
-------+----------+-------------------------------------------
     0 | D:1      | DarkinPup the Formicid Fighter began the quest for the Orb.
     0 | D:1      | Reached XP level 1. HP: 18/18 MP: 1/1
   248 | D:1      | Reached XP level 2. HP: 24/24 MP: 2/2
   337 | D:1      | Reached XP level 3. HP: 29/29 MP: 3/3
   440 | D:1      | Reached skill level 4 in Shields
  1022 | D:2      | Reached XP level 4. HP: 6/35 MP: 4/4
  1032 | D:2      | HP: 1/35 [gnoll/+0 spear (6)]
  1034 | D:2      | Slain by a gnoll

Skill      XL: |  1  2  3 |
---------------+----------+-----
Shields        | 4 |  4.1
Fighting       | |  3.5
Long Blades    | |  2.6
Armour         | |  3.9
Dodging        | |  0.7

Action                   |  1- 3 |  4- 6 || total
-------------------------+-------+-------++-------
Melee: Long sword        |    75 |    11 ||    86
Armor: Scale mail        |    14 |       ||    14
       Chain mail        |    13 |     3 ||    16
Dodge: Dodged            |    24 |     2 ||    26
Block: Shield            |    42 |     8 ||    50
       Rpst.: Long sword |     7 |       ||     7
